Map: Lightshade LE

Players

Zerg

  • Race: Protoss Protoss
  • League: Diamond
  • Spawn Location: 5:00

Eleven - Winner!

  • Race: Zerg Zerg
  • League: Diamond
  • Spawn Location: 11:00

VOD

Have the link to the VOD?

Description

ZvP and can work in ZvZ. Hits around the 2:45/3:00 min mark. Easy easy wins especially if your opponent is an incompetent donkey.

Time

  • Played on: Dec. 19, 2020, 10:18 p.m.
  • Length: 3:30
Show
View Real Time Build Order
Export as new Build Order

Zerg Protoss 

Build Orders: 1 Gate Expand 

Get SALT Encoding   

  12  0:00  Probe  
  13  0:12  Probe  
  14  0:20  Pylon  
  14  0:24  Probe  
  15  0:38  Probe  
  15  0:40  Gateway  
  16  0:47  Assimilator  
  16  0:50  Probe  
  17  1:02  Probe  
  18  1:14  Probe (Chrono Boost)  
  20  1:26  Probe (Chrono Boost)  
  20  1:33  Cybernetics Core  
  21  1:42  Nexus  
  20  1:47  Probe  
  20  1:52  Pylon  
  21  1:57  Assimilator  
  21  2:00  Probe  
  22  2:07  Adept (Chrono Boost)  
  24  2:18  Stargate  
  24  2:25  Probe  
  25  2:31  Adept (Chrono Boost)  
  27  2:37  Probe  
  28  2:50  Gateway  
  26  2:52  Pylon  
  26  2:58  Shield Battery  
  26  3:07  Pylon  
Show
View Real Time Build Order
Export as new Build Order

Eleven Zerg - Winner!

Build Orders: Hatch First 

Get SALT Encoding   

  12  0:01  Drone  
  13  0:09  Drone  
  14  0:14  Extractor  
  14  0:16  Drone  
  15  0:38  Hatchery  
  15  0:42  Extractor  
  13  0:45  Drone  
  14  1:00  Spawning Pool  
  13  1:06  Drone  
  14  1:14  Overlord  
  14  1:48  Zergling x6  
  14  1:49  Metabolic Boost  
  14  1:52  Zergling x2  
  18  1:59  Zergling x2  
  19  2:05  Zergling x2  
  20  2:10  Zergling x2  
  20  2:14  Zergling x2  
  22  2:21  Zergling x2  
  23  2:23  Zergling x2  
  24  2:32  Zergling x2  
  24  2:34  Zergling x2  
  26  2:42  Zergling x2  
  27  2:50  Overlord  
  27  2:55  Overlord  
  27  3:11  Zergling x6  
Tags
 
Add a new tag
Caveats
  • Supply blocks, unpowered buildings, or Contaminate may cause inaccurate times.
  • Supply counts are checked every 10 seconds.